 Dungeon Crawl Stone Soup version 0.27.1 (console) character file.

Game seed: 2080958670300650361

2 om the Insei (level 1, -2/17 HPs)
             Began as a Djinni Transmuter on Sept 3, 2021.
             Frozen to death by an endoplasm (4 damage)
             ... on level 1 of the Dungeon.
             The game lasted 00:01:16 (44 turns).

om the Insei (Djinni Transmuter)                      Turns: 44, Time: 00:01:16

Health: -2/17      AC:  2    Str:  9    XL:     1   Next: 33%
Gold:   12         EV: 12    Int: 14    God:
                   SH:  0    Dex: 13

rFire    + + .     SeeInvis .     - Unarmed
rCold    x . .     Faith    .   (no shield)
rNeg     . . .     Spirit   .   a - +0 robe
rPois    ∞         Reflect  .   (helmet currently unavailable)
rElec    .         Harm     .   (no cloak)
rCorr    .         Rampage  .   (no gloves)
Will     .....                  (boots unavailable)
Stlth    +.........             (no amulet)
HPRegen  0.05/turn              (no ring)
MPRegen  0.00/turn              (no ring)

@: appendages, flying
A: horns 2, flying, sickness immunity, fire resistance 2, cold vulnerability 1,
float, innate caster, hp casting, extra vitality 1
a: End Transformation


You were on level 1 of the Dungeon.
You had temporarily grown beastly horns.
You visited 1 branch of the dungeon, and saw 1 of its levels.

You collected 12 gold pieces.

Inventory:

Armour
 a - a +0 robe (worn)


   Skills:
 * Level 1.1 Fighting
 + Level 2.2 Dodging
 + Level 3.0 Unarmed Combat
 + Level 1.6 Spellcasting


You couldn't memorise any spells.
You knew the following spells:

 Your Spells              Type           Power      Damage    Failure   Level
a - Beastly Appendage     Tmut           10%        N/A       13%         1
b - Wereblood             Tmut           5%         N/A       19%         2
c - Spider Form           Tmut/Pois      2%         N/A       36%         3
d - Ice Form              Ice/Tmut       5%         N/A       77%         4
Your spell library was empty.

Dungeon Overview and Level Annotations

Branches:
Dungeon (1/15)

Altars:


Innate Abilities, Weirdness & Mutations

You have temporarily grown beastly horns.
You are flying.
You are immune to sickness and miasma.
You are immune to poison.
Your flesh is very heat resistant. (rF++)
You are vulnerable to cold. (rC-)
You float through the air rather than walking.
You learn spells naturally, not from books.
Your magical power is your life essence.
You have superior vitality. (+4 HP)


Message History

The endoplasm quivers.
You barely miss the goblin. You headbutt the goblin.
The goblin is heavily wounded.
You closely miss the goblin. Your headbutt misses the goblin.
The goblin is heavily wounded.
The goblin hits you but does no damage.
You closely miss the goblin.
The goblin is heavily wounded.
The goblin hits you with a +0 dagger. The endoplasm freezes you.
You are frozen.
You hit the goblin.
You kill the goblin!
The endoplasm freezes you.
You are frozen!
You feel a terrible chill!
* * * LOW HITPOINT WARNING * * *
You are too injured to fight recklessly!
You are too injured to fight recklessly!
You are too injured to fight recklessly!
You are too injured to fight recklessly!
You are too injured to fight recklessly!
You are too injured to fight recklessly!
You hit the endoplasm but do no damage.
The endoplasm hits you but does no damage.
You hit the endoplasm.
The endoplasm is severely wounded.
The endoplasm freezes you.
You are frozen.
You feel a terrible chill!
* * * LOW HITPOINT WARNING * * *
Your horns disappear.
Casting: Beastly Appendage (safe; 13% risk of failure)
Press: ? - help, Q - select action, (/) - cycle Dir - look around, f - activate You grow a pair of large bovine horns.
* * * LOW HITPOINT WARNING * * *
The endoplasm hits you but does no damage.
You hit the endoplasm.
The endoplasm is almost dead.
The endoplasm freezes you.
You are frozen.
You feel a terrible chill!
You die...

######## #<##..>#
#.....## ##....##
#.#..#.#
.......#....###
..........#......#
..........#.#..@.#
..........###..J.#
#.........#......#
#.........##....##
#.........##.....#
#................#
#.....)...########
#.........#
#.........#
###########


You could see an endoplasm.

Vanquished Creatures
  A goblin (D:1)
  A rat (D:1)
2 creatures vanquished.

Notes
Turn   | Place    | Note
-------+----------+-------------------------------------------
     0 | D:1      | om the Djinni Transmuter began the quest for the Orb.
     0 | D:1      | Reached XP level 1. HP: 17/17 MP: 0/0
    44 | D:1      | Frozen to death by an endoplasm

Illustrated notes

Levels and vault maps discovered:
D:1:      minmay_arrival_jagged, layout_basic, ebering_ecumenical_altar_mist,
          minmay_tripent

Action                   || total
-------------------------++-------
Melee: Unarmed           ||     8
       Headbutt          ||     2
 Cast: Beastly Appendage ||     3
Armor: Robe              ||     3
Dodge: Dodged            ||     1
